| TOP OF THE 1ST |
|
Newark Black Sox batting - Pitching for Summit Red Dragons : LHP Bill Wilkinson
|
|
Pitching: LHP Bill Wilkinson
|
|
|
Batting: RHB Rafael Belliard
|
0-0: Ball 1-0: Foul Ball, location: 2F 1-1: Ball 2-1: Called Strike 2-2: SINGLE (Line Drive, 89M, EV 91.3 MPH)
|
|
Batting: RHB Ellis Burks
|
0-0: Swinging Strike 0-1: Ball 1-1: Ball 2-1: Fly out, F8 (Flyball, 8RS, EV 81.3 MPH)
|
|
Batting: RHB Moises Acosta
|
0-0: Ball Rafael Belliard steals 2nd, throwing error, E2 Rafael Belliard to third 1-0: Foul Ball, location: 2F 1-1: Swinging Strike 1-2: Strikes out swinging
|
|
Batting: RHB Adrien Perkins
|
0-0: Ball 1-0: Called Strike 1-1: Called Strike 1-2: Foul Ball, location: 2F 1-2: Ground out 6-3 (Groundball, 6, EV 97.5 MPH)
|
| Top of the 1st over - 0 runs, 1 hit, 1 error, 1 left on base; Newark 0 - Summit 0 |
| BOTTOM OF THE 1ST |
|
Summit Red Dragons batting - Pitching for Newark Black Sox : LHP Willie Texidor
|
|
Pitching: LHP Willie Texidor
|
|
|
Batting: RHB Dana Williams
|
0-0: Foul Ball, location: 2F 0-1: Ball 1-1: Ball 2-1: Ball 3-1: Base on Balls
|
|
Batting: LHB Virgilio Silverio
|
0-0: Called Strike 0-1: Fly out, F7 (Flyball, 7, EV 97.5 MPH)
|
|
Batting: SHB Mark T McLemore
|
0-0: Ball 1-0: Called Strike 1-1: Ball 2-1: Called Strike 2-2: Foul Ball, location: 2F 2-2: Ball 3-2: Fly out, F7 (Flyball, 78D, EV 90.0 MPH)
|
|
Batting: RHB Kash Beauchamp
|
0-0: Ball 1-0: Ball 2-0: Ball 3-0: SINGLE (Groundball, 34D, EV 97.5 MPH) Dana Williams to second Runner from 2nd tries for 3rd, SAFE, throw by RF made to third
|
|
Batting: LHB Tony Medina
|
0-0: Called Strike 0-1: Called Strike 0-2: Strikes out looking
|
| Bottom of the 1st over - 0 runs, 1 hit, 0 errors, 2 left on base; Newark 0 - Summit 0 |
| TOP OF THE 2ND |
|
Newark Black Sox batting - Pitching for Summit Red Dragons : LHP Bill Wilkinson
|
|
Batting: RHB Jerry Bendorf
|
0-0: Fly out, F8 (Flyball, 78D, EV 85.6 MPH)
|
|
Batting: RHB Paul Bradley
|
0-0: Swinging Strike 0-1: Ground out 5-3 (Groundball, 15, EV 91.3 MPH)
|
|
Batting: LHB Casey Glenn
|
0-0: Ball 1-0: Foul Ball, location: 2F 1-1: Foul Ball, location: 2F 1-2: Ground out 6-3 (Groundball, 6, EV 103.8 MPH)
|
| Top of the 2nd over - 0 runs, 0 hits, 0 errors, 0 left on base; Newark 0 - Summit 0 |
| BOTTOM OF THE 2ND |
|
Summit Red Dragons batting - Pitching for Newark Black Sox : LHP Willie Texidor
|
|
Batting: RHB Glenn Swires
|
0-0: Called Strike 0-1: Called Strike 0-2: Foul Ball, location: 2F 0-2: Foul Ball, location: 2F 0-2: Strikes out swinging
|
|
Batting: RHB Colacito Sanchez
|
0-0: Fly out, F9 (Flyball, 9S, EV 78.1 MPH)
|
|
Batting: RHB Kenneth Gordon
|
0-0: Swinging Strike 0-1: Ball 1-1: Called Strike 1-2: Ball 2-2: Strikes out swinging
|
| Bottom of the 2nd over - 0 runs, 0 hits, 0 errors, 0 left on base; Newark 0 - Summit 0 |
| TOP OF THE 3RD |
|
Newark Black Sox batting - Pitching for Summit Red Dragons : LHP Bill Wilkinson
|
|
Batting: RHB Danny Griffin
|
0-0: Foul Ball, location: 2F 0-1: Ball 1-1: Ball 2-1: Swinging Strike 2-2: Foul Ball, location: 2F 2-2: Strikes out swinging
|
|
Batting: RHB Orlando Gonzalez
|
0-0: Ball 1-0: Foul Ball, location: 2F 1-1: Ball 2-1: Fly out, F8 (Flyball, 8LM, EV 89.4 MPH)
|
|
Batting: RHB Rafael Belliard
|
0-0: DOUBLE (Groundball, 3L, EV 108.8 MPH)
|
|
Batting: RHB Ellis Burks
|
0-0: Fly out, F8 (Flyball, 8RM, EV 91.3 MPH)
|
| Top of the 3rd over - 0 runs, 1 hit, 0 errors, 1 left on base; Newark 0 - Summit 0 |
| BOTTOM OF THE 3RD |
|
Summit Red Dragons batting - Pitching for Newark Black Sox : LHP Willie Texidor
|
|
Batting: RHB Andy Hall
|
0-0: Ball 1-0: Called Strike 1-1: Called Strike 1-2: Foul Ball, location: 2F 1-2: Hit by Pitch
|
|
Batting: RHB Dana Williams
|
0-0: Ball 1-0: Foul Ball, location: 2F 1-1: Ball 2-1: Ball 3-1: Called Strike 3-2: Foul Ball, location: 2F 3-2: Base on Balls Andy Hall to second
|
|
Batting: LHB Virgilio Silverio
|
0-0: Swinging Strike 0-1: Foul Ball, location: 2F 0-2: Ball Wild Pitch! Andy Hall to third Dana Williams to second 1-2: Reached on error, E1 (Groundball, 13S, EV 66.3 MPH) Andy Hall scores Dana Williams to third
|
|
Batting: SHB Mark T McLemore
|
0-0: Ball 1-0: Ball Virgilio Silverio is caught stealing 2nd base 2-4 2-0: Ball 3-0: Base on Balls
|
|
Batting: RHB Kash Beauchamp
|
0-0: Ball 1-0: Ball 2-0: Fly out, F9 (Flyball, 9LD, EV 109.4 MPH) Runner from 3rd tags up, SCORES, no throw by RF
|
|
Batting: LHB Tony Medina
|
0-0: Foul Ball, location: 2F 0-1: Foul Ball, location: 2F 0-2: Ball 1-2: Strikes out swinging
|
| Bottom of the 3rd over - 2 runs, 0 hits, 1 error, 1 left on base; Newark 0 - Summit 2 |
| TOP OF THE 4TH |
|
Newark Black Sox batting - Pitching for Summit Red Dragons : LHP Bill Wilkinson
|
|
Batting: RHB Moises Acosta
|
0-0: Ball 1-0: Ball 2-0: Ball 3-0: Base on Balls
|
|
Batting: RHB Adrien Perkins
|
0-0: Ball 1-0: SINGLE (Line Drive, 34, EV 99.4 MPH) Moises Acosta to second Runner from 2nd tries for 3rd, SAFE, throw by RF made to third
|
|
Batting: RHB Jerry Bendorf
|
0-0: Ball 1-0: Called Strike 1-1: Swinging Strike 1-2: Ball 2-2: Strikes out swinging
|
|
Batting: RHB Paul Bradley
|
0-0: Ball 1-0: Called Strike 1-1: Foul Ball, location: 2F 1-2: Ball 2-2: Ball 3-2: Base on Balls Adrien Perkins to second
|
|
Batting: LHB Casey Glenn
|
0-0: Called Strike 0-1: Swinging Strike 0-2: Ball 1-2: Ball 2-2: Ball 3-2: Strikes out swinging
|
|
Batting: RHB Danny Griffin
|
0-0: Swinging Strike 0-1: Fly out, F8 (Flyball, 78M, EV 88.8 MPH)
|
| Top of the 4th over - 0 runs, 1 hit, 0 errors, 3 left on base; Newark 0 - Summit 2 |
| BOTTOM OF THE 4TH |
|
Summit Red Dragons batting - Pitching for Newark Black Sox : LHP Willie Texidor
|
|
Batting: RHB Glenn Swires
|
0-0: Called Strike 0-1: Reached on error, E5 (Groundball, 56S, EV 80.6 MPH)
|
|
Batting: RHB Colacito Sanchez
|
0-0: Swinging Strike 0-1: Foul Ball, location: 2F 0-2: Foul Ball, location: 2F 0-2: Strikes out swinging
|
|
Batting: RHB Kenneth Gordon
|
0-0: Ball 1-0: Ball 2-0: Called Strike 2-1: Ball 3-1: Foul Ball, location: 2F 3-2: Base on Balls
|
|
Batting: RHB Andy Hall
|
0-0: Foul Ball, location: 2F 0-1: Called Strike 0-2: Ball 1-2: Strikes out swinging
|
|
Batting: RHB Dana Williams
|
0-0: Called Strike 0-1: Ball 1-1: Ground out 6-3 (Groundball, 6MS, EV 73.1 MPH)
|
| Bottom of the 4th over - 0 runs, 0 hits, 1 error, 2 left on base; Newark 0 - Summit 2 |
| TOP OF THE 5TH |
|
Newark Black Sox batting - Pitching for Summit Red Dragons : LHP Bill Wilkinson
|
|
Batting: RHB Orlando Gonzalez
|
0-0: Foul Ball, location: 2F 0-1: SINGLE (Groundball, 34D, EV 108.1 MPH)
|
|
Batting: RHB Rafael Belliard
|
0-0: Bunted foul 0-1: Bunted foul 0-2: Strikes out swinging
|
|
Batting: RHB Ellis Burks
|
0-0: Called Strike 0-1: Foul Ball, location: 2F 0-2: Strikes out swinging
|
|
Batting: RHB Moises Acosta
|
0-0: Ground out 5-3 (Groundball, 56, EV 96.9 MPH)
|
| Top of the 5th over - 0 runs, 1 hit, 0 errors, 1 left on base; Newark 0 - Summit 2 |
| BOTTOM OF THE 5TH |
|
Summit Red Dragons batting - Pitching for Newark Black Sox : LHP Willie Texidor
|
|
Batting: LHB Virgilio Silverio
|
0-0: Ball 1-0: Ball 2-0: Fly out, F8 (Flyball, 8RD, EV 94.4 MPH)
|
|
Batting: SHB Mark T McLemore
|
0-0: Called Strike 0-1: Ball 1-1: Called Strike 1-2: Ball 2-2: Ball 3-2: Strikes out swinging
|
|
Batting: RHB Kash Beauchamp
|
0-0: Called Strike 0-1: Ground out 3-1 (Groundball, 34, EV 81.9 MPH)
|
| Bottom of the 5th over - 0 runs, 0 hits, 0 errors, 0 left on base; Newark 0 - Summit 2 |
| TOP OF THE 6TH |
|
Newark Black Sox batting - Pitching for Summit Red Dragons : LHP Bill Wilkinson
|
|
Batting: RHB Adrien Perkins
|
0-0: Ball 1-0: Fly out, F9 (Flyball, 89XD, EV 90.6 MPH)
|
|
Batting: RHB Jerry Bendorf
|
0-0: Swinging Strike 0-1: Called Strike 0-2: Strikes out looking
|
|
Batting: RHB Paul Bradley
|
0-0: Ball 1-0: Ball 2-0: Ball 3-0: Base on Balls
|
|
Batting: LHB Casey Glenn
|
0-0: Called Strike 0-1: Ball 1-1: Ground out 4-3 (Groundball, 34, EV 100.0 MPH)
|
| Top of the 6th over - 0 runs, 0 hits, 0 errors, 1 left on base; Newark 0 - Summit 2 |
| BOTTOM OF THE 6TH |
|
Summit Red Dragons batting - Pitching for Newark Black Sox : LHP Willie Texidor
|
|
Batting: LHB Tony Medina
|
0-0: Called Strike 0-1: Ground out 4-3 (Groundball, 4S, EV 72.5 MPH)
|
|
Batting: RHB Glenn Swires
|
0-0: Called Strike 0-1: Reached on error, E6 (Groundball, 56, EV 83.8 MPH)
|
|
Batting: RHB Colacito Sanchez
|
0-0: Called Strike 0-1: Called Strike 0-2: Foul Ball, location: 2F 0-2: Ball 1-2: Fly out, F8 (Flyball, 8LD, EV 80.0 MPH)
|
|
Batting: RHB Kenneth Gordon
|
0-0: Ball 1-0: Ground out U3 (Groundball, 3S, EV 85.0 MPH)
|
| Bottom of the 6th over - 0 runs, 0 hits, 1 error, 1 left on base; Newark 0 - Summit 2 |
| TOP OF THE 7TH |
|
Newark Black Sox batting - Pitching for Summit Red Dragons : LHP Bill Wilkinson
|
|
Batting: RHB Danny Griffin
|
0-0: Foul Ball, location: 2F 0-1: Ball 1-1: Foul Ball, location: 2F 1-2: Foul Ball, location: 2F 1-2: Ground out 6-3 (Groundball, 6, EV 88.8 MPH)
|
|
Batting: RHB Orlando Gonzalez
|
0-0: Foul Ball, location: 2F 0-1: Swinging Strike 0-2: Ground out 3-1 (Groundball, 34, EV 80.6 MPH)
|
|
Batting: RHB Rafael Belliard
|
0-0: Foul Ball, location: 2F 0-1: Swinging Strike 0-2: Ball 1-2: Strikes out swinging
|
| Top of the 7th over - 0 runs, 0 hits, 0 errors, 0 left on base; Newark 0 - Summit 2 |
| BOTTOM OF THE 7TH |
|
Summit Red Dragons batting - Pitching for Newark Black Sox : LHP Willie Texidor
|
|
Batting: RHB Andy Hall
|
0-0: Reached on error, E5 (Groundball, 56, EV 87.5 MPH)
|
|
Batting: RHB Dana Williams
|
0-0: Ball 1-0: Called Strike 1-1: Ground out U3 (Groundball, 3S, EV 88.8 MPH) Andy Hall to second
|
|
Batting: LHB Virgilio Silverio
|
0-0: Ball 1-0: Called Strike 1-1: Ball 2-1: Foul Ball, location: 2F 2-2: Strikes out swinging
|
|
Batting: SHB Mark T McLemore
|
0-0: Ball 1-0: Called Strike 1-1: Swinging Strike 1-2: DOUBLE (Line Drive, 9LM, EV 87.5 MPH) Andy Hall scores
|
|
Pitching: RHP Michael Lowry
|
|
|
Batting: RHB Kash Beauchamp
|
0-0: Foul Ball, location: 2F 0-1: Foul Ball, location: 2F 0-2: Ball 1-2: Fly out, F8 (Flyball, 8LXD, EV 88.8 MPH)
|
| Bottom of the 7th over - 1 run, 1 hit, 1 error, 1 left on base; Newark 0 - Summit 3 |
| TOP OF THE 8TH |
|
Newark Black Sox batting - Pitching for Summit Red Dragons : LHP Bill Wilkinson
|
|
Batting: RHB Ellis Burks
|
0-0: Called Strike 0-1: Called Strike 0-2: Ball 1-2: Strikes out looking
|
|
Batting: RHB Moises Acosta
|
0-0: Called Strike 0-1: Ball 1-1: Foul Ball, location: 2F 1-2: Fly out, F1 (Popup, 15, EV 78.8 MPH)
|
|
Batting: RHB Adrien Perkins
|
0-0: Ball 1-0: Foul Ball, location: 2F 1-1: Ball 2-1: Foul Ball, location: 2F 2-2: Ball 3-2: Foul Ball, location: 2F 3-2: Base on Balls
|
|
Batting: RHB Jerry Bendorf
|
0-0: Ball 1-0: Foul Ball, location: 2F 1-1: Ball 2-1: Fly out, F9 (Flyball, 9, EV 81.9 MPH)
|
| Top of the 8th over - 0 runs, 0 hits, 0 errors, 1 left on base; Newark 0 - Summit 3 |
| BOTTOM OF THE 8TH |
|
Summit Red Dragons batting - Pitching for Newark Black Sox : RHP Michael Lowry
|
|
Batting: LHB Tony Medina
|
0-0: Called Strike 0-1: Ball 1-1: Ball 2-1: Ball 3-1: Foul Ball, location: 2F 3-2: SINGLE (Flyball, 78M, EV 88.8 MPH)
|
|
Batting: RHB Glenn Swires
|
0-0: Called Strike 0-1: Foul Ball, location: 2F 0-2: Ball 1-2: Strikes out swinging
|
|
Batting: RHB Colacito Sanchez
|
0-0: Called Strike 0-1: Ball 1-1: Ball 2-1: Foul Ball, location: 2F 2-2: Strikes out swinging
|
|
Batting: RHB Kenneth Gordon
|
0-0: Called Strike 0-1: Foul Ball, location: 2F 0-2: Foul Ball, location: 2F 0-2: Fly out, F3 (Line Drive, 3, EV 69.4 MPH)
|
| Bottom of the 8th over - 0 runs, 1 hit, 0 errors, 1 left on base; Newark 0 - Summit 3 |
| TOP OF THE 9TH |
|
Newark Black Sox batting - Pitching for Summit Red Dragons : LHP Bill Wilkinson
|
|
Batting: RHB Paul Bradley
|
0-0: Ball 1-0: Foul Ball, location: 2F 1-1: Ball 2-1: Foul Ball, location: 2F 2-2: Strikes out swinging
|
|
Batting: LHB Casey Glenn
|
0-0: Called Strike 0-1: Ball 1-1: Ball 2-1: Swinging Strike 2-2: Foul Ball, location: 2F 2-2: Strikes out swinging
|
|
Batting: RHB Danny Griffin
|
0-0: Foul Ball, location: 2F 0-1: Foul Ball, location: 2F 0-2: Ball 1-2: Fly out, F4 (Popup, 4MD, EV 58.1 MPH)
|
| Top of the 9th over - 0 runs, 0 hits, 0 errors, 0 left on base; Newark 0 - Summit 3 |
|